 Dungeon Crawl Stone Soup version 0.27.1-33-g824d729ab1 (webtiles) character file.

Game seed: 14253369300715156435

40 MisterFreud the Shield-Bearer (level 3, 0/31 HPs)
             Began as a Gnoll Wanderer on Dec 30, 2021.
             Was a Follower of Sif Muna.
             Slain by an orc (7 damage)
             ... on level 2 of the Dungeon.
             The game lasted 00:01:55 (2300 turns).

MisterFreud the Shield-Bearer (Gnoll Wanderer)      Turns: 2300, Time: 00:01:56

Health: 0/31       AC:  2    Str: 10    XL:     3   Next: 50%
Magic:  7/7        EV:  9    Int: 12    God:    Sif Muna [*.....]
Gold:   113        SH:  8    Dex: 12    Spells: 7/7 levels left

rFire    . . .     SeeInvis .   a - +0 mace
rCold    . . .     Faith    .   b - +0 kite shield
rNeg     . . .     Spirit   .   d - +0 robe
rPois    .         Reflect  .   (no helmet)
rElec    .         Harm     .   (no cloak)
rCorr    .         Rampage  .   (no gloves)
Will     .....                  (no boots)
Stlth    +.........             (no amulet)
HPRegen  0.10/turn              (no ring)
MPRegen  0.10/turn              (no ring)

@: no status effects
A: fangs 1, strong nose, distributed training
a: Renounce Religion, Channel Magic


You were on level 2 of the Dungeon.
You worshipped Sif Muna.
Sif Muna was aware of your devotion.
You visited 1 branch of the dungeon, and saw 4 of its levels.

You collected 113 gold pieces.

Inventory:

Hand Weapons
 a - a +0 mace (weapon)
Missiles
 f - 2 javelins (quivered)
Armour
 b - a +0 kite shield (worn)
 d - a +0 robe (worn)
Jewellery
 h - a ring of ice
Wands
 i - a wand of digging (6)
Scrolls
 c - 2 scrolls of teleportation
 e - 4 scrolls of identify {unknown}
Potions
 g - 2 potions of curing {unknown}
 j - a potion of resistance {unknown}


   Skills:
 + Level 4.5 Fighting
 + Level 0.8 Short Blades
 + Level 0.8 Long Blades
 + Level 0.8 Axes
 + Level 4.5 Maces & Flails
 + Level 0.8 Polearms
 + Level 0.8 Staves
 + Level 0.8 Slings
 + Level 0.8 Bows
 + Level 0.8 Crossbows
 + Level 0.8 Throwing
 + Level 2.6 Armour
 + Level 0.8 Dodging
 + Level 0.8 Stealth
 + Level 4.5 Shields
 + Level 0.8 Unarmed Combat
 + Level 2.8 Spellcasting
 + Level 0.5 Conjurations
 + Level 3.7 Hexes
 + Level 0.5 Summonings
 + Level 0.5 Necromancy
 + Level 0.5 Translocations
 + Level 0.5 Transmutations
 + Level 0.5 Fire Magic
 + Level 0.5 Ice Magic
 + Level 0.5 Air Magic
 + Level 0.5 Earth Magic
 + Level 0.5 Poison Magic
 + Level 1.0 Invocations
 + Level 0.8 Evocations


You had 7 spell levels left.
You didn't know any spells.
Your spell library was empty.

Dungeon Overview and Level Annotations

Branches:
Dungeon (4/15)
 Temple: D:4-7

Altars:
Sif Muna
Trog


Innate Abilities, Weirdness & Mutations

You have very sharp teeth.
Your uncanny sense of smell can sniff out nearby items.
Your experience applies equally to all skills.


Message History

You kill the ball python!
Sif Muna accepts your kill.
No target in view!
No target in view!
c - 2 scrolls of teleportation (gained 1)
There is a stone staircase leading up here.
You climb upwards.
There is a stone staircase leading down here.
Found a stone staircase leading down.
Found a stone staircase leading up.
There is a stone staircase leading down here.
An orc comes into view.
It is wielding a +0 flail of protection.
The orc shouts!
You hear a shout! x3
An orc is nearby!
You hit the orc but do no damage.
An orc comes into view. It is wielding a +0 dagger.
The orc hits you with a +0 flail of protection!
Your shield prevents you from hitting the orc.
The orc hits you with a +0 flail of protection.
You hit the orc but do no damage. The orc barely misses you.
The orc closely misses you.
You hit the orc but do no damage. The orc closely misses you.
There is a stone staircase leading up here.
You climb upwards.
There is a stone staircase leading down here.
You barely miss the orc.
The orc hits you with a +0 flail of protection.
You are too injured to fight recklessly!
You hit the orc.
The orc is severely wounded.
The orc hits you with a +0 flail of protection. x2
* * * LOW HITPOINT WARNING * * *
You hit the orc but do no damage.
The orc is severely wounded.
You block the orc's attack.
You barely miss the orc.
The orc is severely wounded.
You block the orc's attack.
The orc hits you with a +0 flail of protection!
You die...

.........# ####.##..##.#..###
#######..# ##>##.##..##.#..#
#.......# ##.#.#.##.†##.#..#
##.####.###
##.###..##..##.#..#
#.......... #.##
##........(..### ...####.###
##(###............... ##.# #.#
#.##..#.#.######.#.#### #.#
#.# #.##.#o##.######.#.#
#.####.###.##.#@##..>.....#.#
##........#.##.#.###########.#
............##.#.# #.#
#######.#....#.#.# #.# #
#......#...#.# #.# #
#.#.#....#.#.# #.# #
#.##....##.#.###########.# #
#.###...##.#.............# #
#.# #.####.#########..#### #


You could see an orc.

Vanquished Creatures
  An adder (D:2)
  An adder skeleton (D:2)
  A dart slug (D:1)
  A ball python (D:4)
  3 endoplasms
  A giant cockroach (D:1)
  2 goblins (D:1)
  5 hobgoblins
  A quokka (D:2)
  2 bats (D:1)
  A frilled lizard (D:1)
  2 kobolds (D:2)
  4 rats
25 creatures vanquished.

Vanquished Creatures (others)
  2 plants (D:1)
2 creatures vanquished.

Grand Total: 27 creatures vanquished

Notes
Turn   | Place    | Note
-------+----------+-------------------------------------------
     0 | D:1      | MisterFreud the Gnoll Wanderer began the quest for the Orb.
     0 | D:1      | MisterFreud set off with the following items: a +0 mace, a
                  | +0 kite shield, a scroll of teleportation, a +0 robe
     0 | D:1      | Reached XP level 1. HP: 20/20 MP: 4/4
   149 | D:1      | Reached XP level 2. HP: 20/26 MP: 5/5
   467 | D:1      | Found a faded altar of an unknown god.
   522 | D:1      | Became a worshipper of Sif Muna the Loreminder
   522 | D:1      | Reached * piety under Sif Muna
  1085 | D:2      | Found a bloodstained altar of Trog.
  1364 | D:2      | Reached XP level 3. HP: 15/31 MP: 7/7
  1913 | D:2      | Reached skill level 1 in Invocations
  2239 | D:2      | You fall into a shaft and drop 2 floors!
  2300 | D:2      | Slain by an orc

Illustrated notes

Levels and vault maps discovered:
D:1:      minmay_arrival_widening_spiral_wide, layout_basic,
          shapermc_ecumenical_altar_mp_urbaneastern
D:2:      layout_loops_ring, basic_altar, corexii_item_surrounded_by_moat
D:3:      layout_loops_ring, minmay_crystal_water
D:4:      layout_basic, mainiacjoe_overflow_two_lobes, uniq_natasha, uniq_pikel

Skill      XL: |  1  2  3 |
---------------+----------+-----
Invocations    | 1 |  1.0
Fighting       | |  4.5
Short Blades   | |  0.8
Long Blades    | |  0.8
Axes           | |  0.8
Maces & Flails | |  4.5
Polearms       | |  0.8
Staves         | |  0.8
Slings         | |  0.8
Bows           | |  0.8
Crossbows      | |  0.8
Throwing       | |  0.8
Armour         | |  2.6
Dodging        | |  0.8
Stealth        | |  0.8
Shields        | |  4.5
Unarmed Combat | |  0.8
Spellcasting   | |  2.8
Conjurations   | |  0.5
Hexes          | |  3.7
Summonings     | |  0.5
Necromancy     | |  0.5
Translocations | |  0.5
Transmutations | |  0.5
Fire Magic     | |  0.5
Ice Magic      | |  0.5
Air Magic      | |  0.5
Earth Magic    | |  0.5
Poison Magic   | |  0.5
Evocations     | |  0.8

Action                   || total
-------------------------++-------
Melee: Mace              ||    94
       Bite              ||     5
Armor: Robe              ||    11
Dodge: Dodged            ||    32
Block: Kite shield       ||    38
